 Dungeon Crawl Stone Soup version 0.21.1-1-g345015f (webtiles) character file.

10 tidbits the Grave Robber (level 2, 14/20 HPs)
             Began as a Gnoll Necromancer on June 17, 2018.
             Quit the game on level 1 of the Dungeon.
             The game lasted 00:01:03 (99 turns).

tidbits the Grave Robber (Gnoll Necromancer)          Turns: 99, Time: 00:01:04

Health: 14/20      AC:  2    Str: 10    XL:     2   Next: 20%
Magic:  5/7        EV: 14    Int: 17    God:
Gold:   32         SH:  0    Dex: 15    Spells: 9/10 levels left

rFire    . . .     SeeInvis .   (no weapon)
rCold    . . .     Gourm    .   (no shield)
rNeg     . . .     Faith    .   a - +0 robe
rPois    .         Spirit   .   (no helmet)
rElec    .         Reflect  .   (no cloak)
rCorr    .         Harm     +   (no gloves)
MR       .....                  (no boots)
Stlth    +++.......             f - amulet of harm
HPRegen  0.06/turn              d - ring of flight
MPRegen  0.10/turn              (no ring)

@: no status effects
A: distributed training, fangs 1, strong nose
a: Evoke Flight


You were on level 1 of the Dungeon.
You were not hungry.

You visited 1 branch of the dungeon, and saw 1 of its levels.

You collected 32 gold pieces.

Inventory:

Armour
 a - a +0 robe (worn)
Jewellery
 d - a ring of flight (left hand)
   (You found it on level 1 of the Dungeon)
 f - an amulet of harm (around neck)
   (You found it on level 1 of the Dungeon)
Scrolls
 e - a scroll of teleportation {unknown}
 g - a scroll of blinking {unknown}
Books
 b - a book of Necromancy

   Spells                             Type                      Level
   a - Pain                           Necromancy                   1
   b - Animate Skeleton               Necromancy                   1
   c - Vampiric Draining              Necromancy                   3
   d - Regeneration                   Charms/Necromancy            3
   e - Animate Dead                   Necromancy                   4
   f - Borgnjor's Vile Clutch         Necromancy/Earth             5
Comestibles
 c - a ration


   Skills:
 + Level 0.3 Fighting
 + Level 0.3 Short Blades
 + Level 0.3 Long Blades
 + Level 0.3 Axes
 + Level 0.3 Maces & Flails
 + Level 0.3 Polearms
 + Level 0.3 Staves
 + Level 0.3 Slings
 + Level 0.3 Bows
 + Level 0.3 Crossbows
 + Level 0.3 Throwing
 + Level 0.3 Armour
 + Level 4.4 Dodging
 + Level 4.0 Stealth
 + Level 0.3 Shields
 + Level 0.3 Unarmed Combat
 + Level 4.9 Spellcasting
 + Level 0.2 Conjurations
 + Level 0.2 Hexes
 + Level 0.2 Charms
 + Level 0.2 Summonings
 + Level 7.0 Necromancy
 + Level 0.2 Translocations
 + Level 0.2 Transmutations
 + Level 0.2 Fire Magic
 + Level 0.2 Ice Magic
 + Level 0.2 Air Magic
 + Level 0.2 Earth Magic
 + Level 0.2 Poison Magic
 + Level 0.4 Invocations
 + Level 0.3 Evocations


You had 9 spell levels left.
You knew the following spells:

 Your Spells              Type           Power        Failure   Level  Hunger
a - Pain                  Necr           ####         1%          1    None


Dungeon Overview and Level Annotations

Branches:
Dungeon (1/15)

Altars:


Innate Abilities, Weirdness & Mutations

Your experience applies equally to all skills.
You have very sharp teeth.
Your uncanny sense of smell can sniff out nearby items.


Message History

Aiming: Pain
Press: ? - help, Shift-Dir - straight line, f/p - leopard gecko
Aim: a leopard gecko (almost dead, clinging, chance to defeat MR: 93%)
The leopard gecko writhes in agony!
You kill the leopard gecko!
You see here a leopard gecko corpse.
You open the door.
Found 14 gold pieces.
There is an open door here.
You see here 14 gold pieces.
You now have 14 gold pieces.
You open the door.
A leopard gecko comes into view.
There is an open door here.
Casting: Pain
Confirm with . or Enter, or press ? or * to list all spells.
Aiming: Pain
Press: ? - help, Shift-Dir - straight line, f - leopard gecko
Aim: a leopard gecko (clinging, resting, chance to defeat MR: 93%)
The leopard gecko hisses angrily.
The leopard gecko writhes in agony!
You kill the leopard gecko!
A goblin comes into view.
Found 4 gold pieces.
Unknown command.
Casting: Pain
Confirm with . or Enter, or press ? or * to list all spells.
Aiming: Pain
Press: ? - help, Shift-Dir - straight line, f - goblin
Aim: a goblin (resting, chance to defeat MR: 93%)
The goblin writhes in agony!
You kill the goblin!
You see here 4 gold pieces.
You now have 18 gold pieces (gained 4).
Magic restored.
A rat comes into view.
Found a knobbly garnet ring and 14 gold pieces.
Unknown command.
Casting: Pain
Confirm with . or Enter, or press ? or * to list all spells.
You can't see any susceptible monsters within range! (Use Z to cast anyway.)
Casting: Pain
Confirm with . or Enter, or press ? or * to list all spells.
Aiming: Pain
Press: ? - help, Shift-Dir - straight line, f - rat
Aim: a rat (resting, chance to defeat MR: 93%)
The rat writhes in agony!
You kill the rat!
You see here 14 gold pieces.
You now have 32 gold pieces (gained 14).
A rat comes into view.
Found 2 gold pieces.
Casting: Pain
Confirm with . or Enter, or press ? or * to list all spells.
Aiming: Pain
Press: ? - help, Shift-Dir - straight line, f - rat
Aim: a rat (resting, chance to defeat MR: 93%)
The rat writhes in agony!
You kill the rat!
You have reached level 2!
You see here a knobbly garnet ring.
d - a knobbly garnet ring
Found a scroll labeled CIEDAR QIACZA.
Unknown command.
Found 7 gold pieces.
You see here a scroll labeled CIEDAR QIACZA.
e - a scroll labeled CIEDAR QIACZA A rat comes into view.
Found a scroll labeled TANAIH ETAWK.
A dart slug comes into view.
Casting: Pain
Confirm with . or Enter, or press ? or * to list all spells.
Aiming: Pain
Press: ? - help, Shift-Dir - straight line, f - dart slug
Aim: a dart slug (clinging, resting, chance to defeat MR: 93%)
The dart slug writhes in agony!
Casting: Pain
Confirm with . or Enter, or press ? or * to list all spells.
Aiming: Pain
Press: ? - help, Shift-Dir - straight line, f/p - dart slug
Aim: a dart slug (almost dead, clinging, chance to defeat MR: 93%)
The dart slug writhes in agony!
You kill the dart slug!
Found a tiny bone amulet.
You see here a tiny bone amulet.
f - a tiny bone amulet Put on which piece of jewellery? (? for menu, Esc to quit)
d - a ring of flight (left hand)
Casting: Pain
Confirm with . or Enter, or press ? or * to list all spells.
Aiming: Pain
Press: ? - help, Shift-Dir - straight line, f - rat
Aim: a rat (chance to defeat MR: 93%)
The rat writhes in agony!
You kill the rat!
Put on which piece of jewellery? (? for menu, Esc to quit)
f - an amulet of harm (around neck)
You see here a scroll labeled TANAIH ETAWK.
g - a scroll labeled TANAIH ETAWK Are you sure you want to abandon this character and quit the game? (Confirm with "yes".)

.....r##.# #.#.#
#.# #.#
#...$...###.#.#
#.. ...
...#####.....#..
...######
.......†.#######
#..#
#######......#
...# #..###.#
#..# #..# #.# #
#$##
#..###.#.###.
#..@.........#
#.....########
#######


There were no monsters in sight!

Vanquished Creatures
  A dart slug (D:1)
  2 leopard geckos (D:1)
  A goblin (D:1)
  3 rats (D:1)
7 creatures vanquished.

Notes
Turn   | Place    | Note
-------+----------+-------------------------------------------
     0 | D:1      | tidbits the Gnoll Necromancer began the quest for the Orb.
     0 | D:1      | Reached XP level 1. HP: 13/13 MP: 6/6
    64 | D:1      | Reached XP level 2. HP: 15/19 MP: 4/7
    99 | D:1      | Quit the game

Action                   || total
-------------------------++-------
 Cast: Pain              ||     9

Table legend:
 A = Turns spent in this place as a percentage of turns spent in the entire game.
 B = Non-inter-level travel turns spent in this place as a percentage of non-inter-level travel turns spent in the entire game.
 C = Inter-level travel turns spent in this place as a percentage of turns spent in this place.
 D = Turns resting spent in this place as a percentage of non-inter-level travel turns spent in this place.
 E = Turns spent auto-exploring this place as a percentage of non-inter-level travel turns spent in this place.
 F = Non-inter-level travel turns spent in this place divided by the number of levels of this place that you've seen.
                   A       B       C       D       E      F
               +-------+-------+-------+-------+-------+----------------------
         Total | 100.0 | 100.0 |   0.0 |   0.0 |   0.0 |  99.0
       Dungeon | 100.0 | 100.0 |   0.0 |   0.0 |   0.0 |  99.0
               +-------+-------+-------+-------+-------+----------------------

Table legend:
 A = Kills in this place as a percentage of kills in entire the game.
 B = Kills by you in this place as a percentage of kills by you in the entire game.
 C = Kills by friends in this place as a percentage of kills by friends in the entire game.
 D = Other kills in this place as a percentage of other kills in the entire game.
 E = Experience gained in this place as a percentage of experience gained in the entire game.
 F = Experience gained in this place divided by the number of levels of this place that you have seen.
                   A       B       C       D       E      F
               +-------+-------+-------+-------+-------+----------------------
         Total | 100.0 | 100.0 |   N/A |   N/A | 100.0 |  15.0
       Dungeon | 100.0 | 100.0 |   N/A |   N/A | 100.0 |  15.0
               +-------+-------+-------+-------+-------+----------------------

Vault maps used:
D:1:      dpeg_arrival_renting, minmay_misc_feat_cross,
          nemelex_xobeh_ov_fountains_minmay
